 Dungeon Crawl Stone Soup version 0.31-a0-1178-gc5c9b8f871 (webtiles) character file.

Game seed: 17225542899859519309

105 qw the Shooter (level 4, 0/28 HPs)
             Began as a Gargoyle Hunter on Dec 11, 2023.
             Slain by a goblin
             ... wielding a +0 club
              (5 damage)
             ... on level 3 of the Dungeon.
             The game lasted 00:00:48 (1812 turns).

qw the Shooter (Gargoyle Hunter)                    Turns: 1812, Time: 00:00:49

Health: 0/28       AC:  8    Str: 15    XL:     4   Next: 81%
Magic:  4/4        EV: 11    Int:  9    God:
Gold:   156        SH:  0    Dex: 15    Spells: 3/3 levels left

rFire   . . .        a - +0 shortbow
rCold   . . .        (shield currently unavailable)
rNeg    + . .        c - +0 leather armour
rPois   inf          f - +0 helmet
rElec   +            b - +0 cloak
rCorr   .            (no gloves)
SInv    .            (no boots)
Will    .....        (no amulet)
Stlth   ++           (no ring)
HPRegen 0.24/turn    (no ring)
MPRegen 0.09/turn

%: no passive effects
@: no status effects
A: sickness immunity, AC +3, negative energy resistance 1, electricity
resistance, torment resistance 1, petrification resistance
a: no special abilities


You were on level 3 of the Dungeon.
You visited 1 branch of the dungeon, and saw 3 of its levels.

You collected 156 gold pieces.


Innate Abilities, Weirdness & Mutations

You are immune to sickness and miasma.
Your stone body is resilient. (AC +3)
You are immune to poison.
You resist negative energy. (rN+)
You are resistant to electric shocks. (rElec)
You are resistant to unholy torment.
You are immune to petrification.


   Skills:
 - Level 3.0 Fighting
 + Level 5.5 Ranged Weapons
 - Level 1.2 Armour
 - Level 1.5 Dodging
 - Level 1.1 Stealth


You had 3 spell levels left.
You didn't know any spells.
Your spell library was empty.

Inventory:

Hand Weapons
 a - a +0 shortbow (weapon)
Armour
 b - a +0 cloak (worn)
 c - a +0 leather armour (worn)
 f - a +0 helmet (worn)
Jewellery
 d - a ring of flight
Potions
 e - a potion of enlightenment
 g - 2 potions of curing
 m - a potion of resistance

Dungeon Overview and Level Annotations

Branches:
Dungeon (3/15)

Altars:

Shops:
D:1 [


Message History

The goblin hits you with a +0 club. The goblin barely misses you.
You shoot an arrow.
The arrow hits the goblin but does no damage.
The goblin is moderately wounded.
The goblin closely misses you. The goblin hits you but does no damage.
Robin barely misses you.
You shoot an arrow. The arrow hits the goblin.
The goblin is severely wounded.
The goblin barely misses you. The goblin closely misses you.
Robin closely misses you. x2; The goblin barely misses you.
The goblin misses you.
You shoot an arrow. The arrow hits the goblin.
You kill the goblin!
The goblin barely misses you.
Robin's bangles clink loudly.
Robin barely misses you.
You shoot an arrow. The arrow hits Robin.
Robin is lightly wounded.
The goblin closely misses you. Robin throws the goblin at you!
You shoot an arrow. The arrow hits Robin.
Robin is moderately wounded.
The goblin barely misses you. Robin closely misses you.
You shoot an arrow.
The arrow hits Robin but does no damage.
Robin is moderately wounded.
The goblin barely misses you. Robin hits you but does no damage.
You shoot an arrow. The arrow hits Robin!
Robin is severely wounded.
The goblin hits you but does no damage. Robin closely misses you.
You shoot an arrow. The arrow closely misses Robin.
The goblin hits you with a +0 club. Robin barely misses you.
Robin completely misses you. The goblin hits you with a +0 club.
You shoot an arrow.
The arrow hits Robin but does no damage.
Robin is severely wounded.
The goblin closely misses you. Robin hits you with a +0 short sword.
You shoot an arrow. The arrow hits Robin.
You kill Robin!
The goblin hits you with a +0 club.
You die...

##..## ##.. #####....##
##.#. #.........###....
#.###...##.#.###. #.#
##.####%.....
###.####.###...###.
..................
####.###g####......%..##
....?..@....)<..........
####...)...##.........##
#.#.#######.#.....##
..... #.##...## ###...
#.# #.## #.#. #.# ...
#... .# ## #.#.


You could see a goblin (strong).

Vanquished Creatures
  Natasha (D:3)
  Robin (D:3)
  An adder (D:3)
  A worm (D:2)
  An orc (D:3)
  6 ball pythons
  7 bats
  3 endoplasms (D:1)
  2 giant cockroaches
  16 goblins
  9 hobgoblins
  2 quokkas (D:2)
  5 frilled lizards
  6 rats
61 creatures vanquished.

Notes
Turn   | Place    | Note
-------+----------+-------------------------------------------
     0 | D:1      | qw the Gargoyle Hunter began the quest for the Orb.
     0 | D:1      | Reached XP level 1. HP: 12/12 MP: 1/1
     0 | D:1      | 0 ||| qw: Version: 0.3-a-106-g2cfff9e
     0 | D:1      | 0 ||| qw: Game counter: 1951
     0 | D:1      | 0 ||| qw: Melee chars always use a shield: true
     0 | D:1      | 0 ||| qw: God list: Okawaru
     0 | D:1      | 0 ||| qw: Allow faded altars: false
     0 | D:1      | 0 ||| qw: Do Orc after clearing Dungeon:15 true
     0 | D:1      | 0 ||| qw: Do second Lair branch before Depths: true
     0 | D:1      | 0 ||| qw: Lair rune preference: random
     0 | D:1      | 0 ||| qw: Goals: Normal, Save, Zot:1-4, Win
     0 | D:1      | 0 ||| PLANNING D:1-11
    26 | D:1      | 26 ||| DROPPING scroll of butterflies.
    82 | D:1      | Reached XP level 2. HP: 17/17 MP: 2/2
   545 | D:1      | Found Mahusoin's Armour Emporium.
   549 | D:1      | Found a faded altar of an unknown god.
   555 | D:1      | 555 ||| SHOPLISTING +0 pair of gloves (45 gold, have 29).
   555 | D:1      | 555 ||| SHOPLISTING +0 ring mail of fire resistance (110
                  | gold, have 29).
   555 | D:1      | 555 ||| SHOPLISTING +2 ring mail of willpower (210 gold,
                  | have 29).
   839 | D:1      | Reached XP level 3. HP: 17/21 MP: 3/3
   918 | D:1      | 918 ||| UPGRADING to +0 helmet.
   923 | D:1      | 923 ||| READING scroll labelled YNYDWU IGHIUCAMM.
   924 | D:1      | 924 ||| READING scroll labelled GUETTAS TAPP.
   925 | D:1      | 925 ||| READING scroll labelled HEPRYU UDUF.
  1026 | D:1      | 1026 ||| READING scroll labelled GAEPHI MIY.
  1027 | D:1      | 1027 ||| READING scroll labelled ARUX GAIVIT.
  1028 | D:1      | 1028 ||| READING scroll labelled ESAUTI SAFU.
  1028 | D:1      | 1028 ||| IDENTIFYING fuming emerald potion
  1029 | D:1      | 1029 ||| READING scroll labelled DAL VOLEAC.
  1030 | D:1      | 1030 ||| DRINKING 2 blue potions.
  1087 | D:2      | Reached skill level 5 in Ranged Weapons
  1466 | D:2      | Reached skill level 3 in Fighting
  1560 | D:2      | 1560 ||| UPGRADING to +0 cloak.
  1565 | D:2      | 1565 ||| READING 4 scrolls of identify.
  1565 | D:2      | 1565 ||| IDENTIFYING dark potion
  1566 | D:2      | 1566 ||| READING 3 scrolls of identify.
  1566 | D:2      | 1566 ||| IDENTIFYING inky potion
  1567 | D:2      | 1567 ||| READING 2 scrolls of identify.
  1567 | D:2      | 1567 ||| IDENTIFYING green potion
  1568 | D:2      | 1568 ||| READING scroll of identify.
  1568 | D:2      | 1568 ||| IDENTIFYING scroll labelled UTIUCH WATWAME
  1569 | D:2      | 1569 ||| DROPPING scroll of blinking.
  1570 | D:2      | 1570 ||| DROPPING potion of invisibility.
  1571 | D:2      | 1571 ||| DROPPING potion of brilliance.
  1678 | D:3      | Reached skill level 1 in Armour
  1678 | D:3      | Reached XP level 4. HP: 28/28 MP: 4/4
  1763 | D:3      | Noticed Natasha
  1770 | D:3      | Killed Natasha
  1796 | D:3      | Noticed Robin
  1810 | D:3      | HP: 7/28 [goblin/+0 club (1)]
  1812 | D:3      | Killed Robin
  1812 | D:3      | Slain by a goblin

Levels and vault maps discovered:
D:1:      psy_arrival_basics, layout_basic, serial_shops, shop,
          ebering_ecumenical_altar_mist
D:2:      layout_loops_ring
D:3:      layout_loops_ring, serial_shops, shop, serial_bayou,
          serial_bayou_pond_b, serial_bayou_ford_a, serial_bayou_pond_e,
          serial_bayou_lagoon_a, serial_bayou_pond_c, uniq_natasha, uniq_robin

Skill      XL: |  1  2  3 |
---------------+----------+-----
Ranged Weapons | 5 |  5.5
Fighting       | 3 |  3.0
Armour         | 1 |  1.2
Dodging        | |  1.5
Stealth        | |  1.1

Action                     |  1- 3 |  4- 6 || total
---------------------------+-------+-------++-------
   Fire: Shortbow          |   126 |    46 ||   172
    Use: Scroll            |    11 |       ||    11
         Potion            |     1 |       ||     1
 Armour: Leather armour    |    11 |    38 ||    49
  Dodge: Dodged            |    18 |    44 ||    62

Table legend:
 A = Non-vault XP
 B = Vault XP
 C = Vault XP percentage of total XP
 D = Non-vault monster count
 E = Vault monster count
 F = Vault count percentage of total count
                 A         B        C        D         E       F
            +---------+---------+-------+---------+---------+-------
      Total |      99 |      67 |  40.4 |      49 |      12 |  19.7
            +---------+---------+-------+---------+---------+-------
        D:1 |      37 |       0 |   0.0 |      22 |       0 |   0.0
        D:2 |      35 |       0 |   0.0 |      19 |       0 |   0.0
        D:3 |      27 |      67 |  71.3 |       8 |      12 |  60.0
            +---------+---------+-------+---------+---------+-------
